APL (24 & UNDER)
SCOTTSDALE SCORPIONS @ PENSACOLA PILOTS
05/19/2027
 
TOP OF THE 1ST
Scottsdale Scorpions batting - Pitching for Pensacola Pilots : LHP Mario Galván
Pitching: LHP Mario Galván
Batting: LHB Ernesto Hernández 0-0: Foul Ball, location: 2F
0-1: Ground out 6-3 (Groundball, 6)
Batting: RHB Edgardo Gonzáles 0-0: Called Strike
0-1: Ball
1-1: Foul Ball, location: 2F
1-2: Fly out, F8 (Flyball, 8RM)
Batting: RHB Lúcio Ramírez 0-0: SINGLE (Groundball, 4MD)
Batting: SHB Juan Gonzáles 0-0: Called Strike
0-1: Fielders Choice at 2nd, 6-4 (Groundball, 6)
Top of the 1st over - 0 run(s), 1 hit(s), 0 error(s), 0 left on base; Scottsdale 0 - Pensacola 0
BOTTOM OF THE 1ST
Pensacola Pilots batting - Pitching for Scottsdale Scorpions : RHP Tomás Muñóz
Pitching: RHP Tomás Muñóz
Batting: RHB Julian Lee 0-0: SINGLE (Groundball, 34D)
Batting: RHB Jonny Lord 0-0: Ball
1-0: Ball
2-0: Ball
3-0: Called Strike
3-1: Base on Balls
Julian Lee to second
Batting: LHB Pedro Ramos 0-0: Called Strike
Julian Lee steals 3rd base
Jonny Lord to second
0-1: Ball
1-1: Called Strike
1-2: Foul Ball, location: 2F
1-2: Ball
2-2: Ball
3-2: Foul Ball, location: 2F
3-2: Foul Ball, location: 2F
3-2: Base on Balls
Batting: RHB Peter Bishop 0-0: Called Strike
0-1: Grounds into double play, 6-4-3 (Groundball, 6)
Julian Lee scores
Jonny Lord to third
Batting: LHB Weston Chaney 0-0: DOUBLE (Flyball, 7LD)
Jonny Lord scores
Batting: LHB Ricardo García 0-0: Foul Ball, location: 2F
0-1: SINGLE (Groundball, 34S) (infield hit)
Weston Chaney to third
Batting: RHB Gustavo Rodríguez 0-0: Swinging Strike
0-1: Called Strike
0-2: Ground out U3 (Groundball, 34S)
Bottom of the 1st over - 2 run(s), 3 hit(s), 0 error(s), 2 left on base; Scottsdale 0 - Pensacola 2
TOP OF THE 2ND
Scottsdale Scorpions batting - Pitching for Pensacola Pilots : LHP Mario Galván
Batting: RHB Sergio Domínguez 0-0: SINGLE (Groundball, 6MD)
Batting: LHB Manny Vigil 0-0: Swinging Strike
0-1: Fly out, F8 (Flyball, 8RS)
Batting: LHB José Garza 0-0: Ball
1-0: SINGLE (Line Drive, 9S)
Sergio Domínguez to second
Batting: RHB Jaime Delgado 0-0: Ball
1-0: Called Strike
1-1: Grounds into double play, 6-4-3 (Groundball, 6)
Top of the 2nd over - 0 run(s), 2 hit(s), 0 error(s), 1 left on base; Scottsdale 0 - Pensacola 2
BOTTOM OF THE 2ND
Pensacola Pilots batting - Pitching for Scottsdale Scorpions : RHP Tomás Muñóz
Batting: RHB Juan Hernández 0-0: Ball
1-0: SINGLE (Line Drive, 78M)
Batting: RHB Jesús García 0-0: Ball
1-0: Grounds into double play, 6-4-3 (Groundball, 6)
Batting: RHB Julian Lee 0-0: Ball
1-0: Called Strike
1-1: Called Strike
1-2: Foul Ball, location: 2F
1-2: Ball
2-2: Strikes out looking
Bottom of the 2nd over - 0 run(s), 1 hit(s), 0 error(s), 0 left on base; Scottsdale 0 - Pensacola 2
TOP OF THE 3RD
Scottsdale Scorpions batting - Pitching for Pensacola Pilots : LHP Mario Galván
Batting: SHB Arnold Moore 0-0: Ball
1-0: Called Strike
1-1: Foul Ball, location: 2F
1-2: Strikes out looking
Batting: LHB Ernesto Hernández 0-0: DOUBLE (Flyball, 8LXD)
Batting: RHB Edgardo Gonzáles 0-0: Ball
1-0: Swinging Strike
1-1: Foul Ball, location: 2F
1-2: SINGLE (Line Drive, 6M)
Ernesto Hernández to third
Batting: RHB Lúcio Ramírez 0-0: Foul Ball, location: 2F
0-1: Ball
1-1: Fly out, F9 (Flyball, 9S)
Batting: SHB Juan Gonzáles 0-0: Ball
1-0: Ball
2-0: Called Strike
2-1: Fly out, F9 (Flyball, 89XD)
Top of the 3rd over - 0 run(s), 2 hit(s), 0 error(s), 2 left on base; Scottsdale 0 - Pensacola 2
BOTTOM OF THE 3RD
Pensacola Pilots batting - Pitching for Scottsdale Scorpions : RHP Tomás Muñóz
Batting: RHB Jonny Lord 0-0: Fly out, F3 (Popup, 34)
Batting: LHB Pedro Ramos 0-0: SINGLE (Flyball, 8LS)
Batting: RHB Peter Bishop 0-0: Called Strike
0-1: Ball
1-1: Ball
2-1: Ball
3-1: Foul Ball, location: 2F
3-2: Strikes out swinging
Pedro Ramos steals 2nd base
Batter strikes out.
Batting: LHB Weston Chaney 0-0: Ball
1-0: Ball
2-0: Swinging Strike
2-1: Fly out, F9 (Flyball, 9S)
Bottom of the 3rd over - 0 run(s), 1 hit(s), 0 error(s), 1 left on base; Scottsdale 0 - Pensacola 2
TOP OF THE 4TH
Scottsdale Scorpions batting - Pitching for Pensacola Pilots : LHP Mario Galván
Batting: RHB Sergio Domínguez 0-0: Swinging Strike
0-1: Ball
1-1: Ball
2-1: Foul Ball, location: 2F
2-2: Foul Ball, location: 2F
2-2: Strikes out swinging
Batting: LHB Manny Vigil 0-0: Foul Ball, location: 2F
0-1: Called Strike
0-2: Strikes out looking
Batting: LHB José Garza 0-0: Ball
1-0: Called Strike
1-1: Swinging Strike
1-2: Fly out, F9 (Flyball, 89D)
Top of the 4th over - 0 run(s), 0 hit(s), 0 error(s), 0 left on base; Scottsdale 0 - Pensacola 2
BOTTOM OF THE 4TH
Pensacola Pilots batting - Pitching for Scottsdale Scorpions : RHP Tomás Muñóz
Batting: LHB Ricardo García 0-0: Called Strike
0-1: Ball
1-1: Ball
2-1: SINGLE (Groundball, 4D)
Batting: RHB Gustavo Rodríguez 0-0: Called Strike
0-1: Fly out, F7 (Flyball, 7)
Batting: RHB Juan Hernández 0-0: Called Strike
0-1: Ball
Wild Pitch!
Ricardo García to second
1-1: Called Strike
1-2: Foul Ball, location: 2F
1-2: Fly out, F9 (Flyball, 89M)
Batting: RHB Jesús García 0-0: Called Strike
0-1: Called Strike
0-2: Fly out, F8 (Flyball, 8LD)
Bottom of the 4th over - 0 run(s), 1 hit(s), 0 error(s), 1 left on base; Scottsdale 0 - Pensacola 2
TOP OF THE 5TH
Scottsdale Scorpions batting - Pitching for Pensacola Pilots : LHP Mario Galván
Batting: RHB Jaime Delgado 0-0: Fly out, F8 (Flyball, 8RM)
Batting: SHB Arnold Moore 0-0: Ball
1-0: Ball
2-0: Foul Ball, location: 2F
2-1: Foul Ball, location: 2F
2-2: Strikes out swinging
Batting: LHB Ernesto Hernández 0-0: Ball
1-0: Called Strike
1-1: Swinging Strike
1-2: Ball
2-2: Foul Ball, location: 2F
2-2: Foul Ball, location: 2F
2-2: Strikes out swinging
Top of the 5th over - 0 run(s), 0 hit(s), 0 error(s), 0 left on base; Scottsdale 0 - Pensacola 2
BOTTOM OF THE 5TH
Pensacola Pilots batting - Pitching for Scottsdale Scorpions : RHP Tomás Muñóz
Batting: RHB Julian Lee 0-0: Ball
1-0: Bunt for hit - play at first, batter OUT! 1-3
Batting: RHB Jonny Lord 0-0: Foul Ball, location: 2F
0-1: Ground out 6-3 (Groundball, 56)
Batting: LHB Pedro Ramos 0-0: Ball
1-0: Ball
2-0: Foul Ball, location: 2F
2-1: Foul Ball, location: 2F
2-2: Ball
3-2: Foul Ball, location: 2F
3-2: Foul Ball, location: 2F
3-2: TRIPLE (Line Drive, 9LS)
Batting: RHB Peter Bishop 0-0: Foul Ball, location: 2F
0-1: Called Strike
0-2: Ground out 6-3 (Groundball, 6)
Bottom of the 5th over - 0 run(s), 1 hit(s), 0 error(s), 1 left on base; Scottsdale 0 - Pensacola 2
TOP OF THE 6TH
Scottsdale Scorpions batting - Pitching for Pensacola Pilots : LHP Mario Galván
Batting: RHB Edgardo Gonzáles 0-0: Ball
1-0: Called Strike
1-1: Foul Ball, location: 2F
1-2: Ball
2-2: Ground out 6-3 (Groundball, 6)
Batting: RHB Lúcio Ramírez 0-0: Ball
1-0: Ball
2-0: Foul Ball, location: 2F
2-1: Ball
3-1: Called Strike
3-2: TRIPLE (Groundball, 3L)
Batting: SHB Juan Gonzáles 0-0: Called Strike
0-1: Fly out, F9 (Flyball, 9D)
Runner from 3rd tags up, SCORES, no throw
Batting: RHB Sergio Domínguez 0-0: Called Strike
0-1: Ball
1-1: Ball
2-1: Ball
3-1: Base on Balls
Pitching: RHP Jesús Núñez
Batting: LHB Manny Vigil 0-0: Called Strike
0-1: Foul Ball, location: 2F
0-2: Fly out, F7 (Flyball, 7LMF)
Top of the 6th over - 1 run(s), 1 hit(s), 0 error(s), 1 left on base; Scottsdale 1 - Pensacola 2
BOTTOM OF THE 6TH
Pensacola Pilots batting - Pitching for Scottsdale Scorpions : RHP Tomás Muñóz
Batting: LHB Weston Chaney 0-0: Ball
1-0: Ball
2-0: Ground out 1-3 (Groundball, P)
Batting: LHB Ricardo García 0-0: Ball
1-0: Ball
2-0: Called Strike
2-1: Called Strike
2-2: Ball
3-2: Base on Balls
Batting: RHB Gustavo Rodríguez 0-0: Ball
1-0: Called Strike
1-1: Foul Ball, location: 2F
1-2: Ball
2-2: Ball
3-2: Foul Ball, location: 2F
3-2: Strikes out swinging
Pitching: RHP Billy O'Neal
Batting: RHB Juan Hernández 0-0: Ball
1-0: Ball
2-0: Called Strike
2-1: Foul Ball, location: 2F
2-2: Strikes out swinging
Bottom of the 6th over - 0 run(s), 0 hit(s), 0 error(s), 1 left on base; Scottsdale 1 - Pensacola 2
TOP OF THE 7TH
Scottsdale Scorpions batting - Pitching for Pensacola Pilots : RHP Jesús Núñez
Batting: LHB José Garza 0-0: Called Strike
0-1: Foul Ball, location: 2F
0-2: Ball
1-2: Ball
2-2: SINGLE (Flyball, 78S)
Batting: RHB Jaime Delgado
Pinch Hitting: LHB Sergio Fernández 0-0: Called Strike
José Garza steals 2nd base
0-1: Swinging Strike
0-2: Ball
1-2: Foul Ball, location: 2F
1-2: Ball
2-2: Strikes out looking
Pitching: RHP Manuel Valdés
Batting: SHB Arnold Moore 0-0: Ball
1-0: Called Strike
1-1: Ball
2-1: Called Strike
2-2: Foul Ball, location: 2F
2-2: Strikes out looking
Batting: LHB Ernesto Hernández 0-0: Called Strike
0-1: Foul Ball, location: 2F
0-2: Fly out, F9 (Flyball, 9LDF)
Top of the 7th over - 0 run(s), 1 hit(s), 0 error(s), 1 left on base; Scottsdale 1 - Pensacola 2
BOTTOM OF THE 7TH
Pensacola Pilots batting - Pitching for Scottsdale Scorpions : RHP Billy O'Neal
Now in LF: Alberto Roberts
Batting: RHB Jesús García 0-0: Ball
1-0: Swinging Strike
1-1: Ball
2-1: Swinging Strike
2-2: Ball
3-2: Strikes out swinging
Batting: RHB Julian Lee 0-0: Foul Ball, location: 2F
0-1: Swinging Strike
0-2: Ball
1-2: Ball
2-2: Ball
3-2: Strikes out swinging
Batting: RHB Jonny Lord 0-0: Swinging Strike
0-1: Ball
1-1: Foul Ball, location: 2F
1-2: Strikes out swinging
Bottom of the 7th over - 0 run(s), 0 hit(s), 0 error(s), 0 left on base; Scottsdale 1 - Pensacola 2
TOP OF THE 8TH
Scottsdale Scorpions batting - Pitching for Pensacola Pilots : RHP Manuel Valdés
Now in LF: José Cordero
Batting: RHB Edgardo Gonzáles 0-0: Ball
1-0: Ground out 6-3 (Groundball, 6)
Batting: RHB Lúcio Ramírez 0-0: Called Strike
0-1: SINGLE (Groundball, 34D)
Batting: SHB Juan Gonzáles 0-0: Foul Ball, location: 2F
0-1: Fly out, F8 (Flyball, 8LS)
Batting: RHB Sergio Domínguez 0-0: Called Strike
0-1: Ball
1-1: SINGLE (Groundball, 6MD)
Lúcio Ramírez to second
Batting: LHB Manny Vigil 0-0: Ball
1-0: Ball
2-0: Ball
3-0: Base on Balls
Lúcio Ramírez to third
Sergio Domínguez to second
Batting: LHB José Garza 0-0: Foul Ball, location: 2F
0-1: Reached on error, E5 (Popup, 5L)
Lúcio Ramírez scores
Sergio Domínguez to third
Manny Vigil to second
Batting: LHB Alberto Roberts 0-0: Swinging Strike
0-1: Fly out, F7 (Line Drive, 78M)
Top of the 8th over - 1 run(s), 2 hit(s), 1 error(s), 3 left on base; Scottsdale 2 - Pensacola 2
BOTTOM OF THE 8TH
Pensacola Pilots batting - Pitching for Scottsdale Scorpions : RHP Billy O'Neal
Batting: LHB Pedro Ramos 0-0: Ball
1-0: Called Strike
1-1: SINGLE (Line Drive, 89M)
Batting: RHB Peter Bishop 0-0: SINGLE (Flyball, 78S)
Pedro Ramos to second
Batting: LHB Weston Chaney 0-0: Ground out U3 (Groundball, 34S)
Pedro Ramos to third
Peter Bishop to second
Batting: LHB Ricardo García 0-0: Ground out U3 (Groundball, 3L)
Batting: RHB Gustavo Rodríguez 0-0: Ball
1-0: Ball
2-0: Ball
3-0: Base on Balls
Batting: RHB Juan Hernández 0-0: SINGLE (Groundball, 6D)
Pedro Ramos scores
Peter Bishop to third
Gustavo Rodríguez to second
Runner from 3rd tries for Home, SAFE, no throw
Batting: RHB Jesús García 0-0: Ball
1-0: Called Strike
1-1: Ball
2-1: Foul Ball, location: 2F
2-2: Strikes out swinging
Bottom of the 8th over - 2 run(s), 3 hit(s), 0 error(s), 2 left on base; Scottsdale 2 - Pensacola 4
TOP OF THE 9TH
Scottsdale Scorpions batting - Pitching for Pensacola Pilots : RHP Manuel Valdés
Batting: SHB Arnold Moore 0-0: Ground out U3 (Groundball, 3)
Batting: LHB Ernesto Hernández 0-0: Ball
1-0: Ball
2-0: Foul Ball, location: 2F
2-1: Ball
3-1: Called Strike
3-2: Foul Ball, location: 2F
3-2: Base on Balls
Batting: RHB Edgardo Gonzáles 0-0: Ball
1-0: Ball
2-0: Called Strike
2-1: Ball
3-1: Grounds into double play, 6-4-3 (Groundball, 6)
Top of the 9th over - 0 run(s), 0 hit(s), 0 error(s), 0 left on base; Scottsdale 2 - Pensacola 4
Thursday, March 30th, 2017 - OOTP Baseball 17.12 Build 75